 Dungeon Crawl Stone Soup version 0.19.5 (webtiles) character file.

102659 JeffiDaFish the Basher (level 16, -9/104 HPs)
             Began as a Gargoyle Fighter on Apr 4, 2017.
             Was the Champion of Okawaru.
             Killed by divine providence
             ... invoked by an orc priest
              (12 damage)
             ... on level 2 of the Orcish Mines.
             The game lasted 01:08:06 (26779 turns).

JeffiDaFish the Basher (Gargoyle Fighter)          Turns: 26779, Time: 01:08:08

Health: -9/104     AC: 42    Str: 27    XL:     16   Next: 33%
Magic:  26/26      EV:  9    Int:  9    God:    Okawaru [******]
Gold:   1888       SH: 22    Dex: 14    Spells: 1 memorised, 27 levels left

rFire  . . .     SeeInvis +     l - +5 morningstar
rCold  + . .     Gourm    .     n - +0 plate armour
rNeg   + . .     Faith    .     a - +1 large shield {AC+3}
rPois  ∞         Spirit   .     j - +2 helmet
rElec  +         Reflect  .     A - +2 cloak {+Inv}
rCorr  .         Harm     .     x - +0 pair of gloves
MR     +....                    r - +2 pair of boots
Stlth  ..........               (no amulet)
                                N - +3 ring of strength
                                p - ring of see invisible

@: flying
A: big wings, cold resistance 1, negative energy resistance 1, sense
surroundings 1, electricity resistance, strong 1, unbreathing, petrification
resistance, rot immunity, AC +11
a: Stop Flying, Heroism, Finesse, Renounce Religion, Evoke Invisibility


You were on level 2 of the Orcish Mines.
You worshipped Okawaru.
Okawaru was exalted by your worship.
You were not hungry.

You visited 4 branches of the dungeon, and saw 24 of its levels.

You collected 2145 gold pieces.
You spent 257 gold pieces at shops.

Inventory:

Hand Weapons
 l - a +5 morningstar (weapon)
Armour
 a - a +1 large shield of protection (worn)
 j - a +2 helmet (worn)
 n - a +0 plate armour (worn)
 r - a +2 pair of boots (worn)
 x - a +0 pair of gloves (worn)
 A - a +2 cloak of invisibility (worn)
Jewellery
 p - a ring of see invisible (left hand)
 N - a +3 ring of strength (right hand)
Wands
 I - a wand of heal wounds (0/9)
Scrolls
 d - 11 scrolls of remove curse
 g - a scroll of blinking
 k - a scroll of amnesia
 m - 6 scrolls of teleportation
 q - 9 scrolls of identify
 B - 2 scrolls of fear
 C - 2 scrolls of fog
 F - a scroll of magic mapping
Potions
 c - a potion of cancellation
 o - 4 potions of brilliance
 u - a potion of invisibility
 z - 4 potions of curing
 E - a potion of agility
 G - a potion of ambrosia
 H - a potion of might
 L - a potion of magic
 O - a potion of mutation
Books
 s - a book of Beasts

   Spells                             Type                      Level
   a - Summon Butterflies             Summoning                    1
   b - Call Canine Familiar           Summoning                    3
   c - Summon Ice Beast               Ice/Summoning                4
   d - Summon Mana Viper              Hexes/Summoning              5
   e - Summon Hydra                   Summoning                    7
 t - Sif Muna's Volume of Malediction and Contamination
   (You found it on level 6 of the Dungeon)

   Spells                             Type                      Level
   a - Sting                          Conjuration/Poison           1
   b - Dazzling Spray                 Conjuration/Hexes            3
   c - Summon Guardian Golem          Hexes/Summoning              3
   d - Spider Form                    Transmutation/Poison         3
   e - Summon Mana Viper              Hexes/Summoning              5
 P - a book of Maledictions

   Spells                             Type                      Level
   a - Corona                         Hexes                        1
   b - Ensorcelled Hibernation        Hexes/Ice                    2
   c - Confuse                        Hexes                        3
   d - Tukima's Dance                 Hexes                        3
   e - Dazzling Spray                 Conjuration/Hexes            3
Comestibles
 b - 8 fruits
 f - 11 bread rations
 h - 9 meat rations
 i - 2 slices of pizza
 v - 18 chunks of flesh
 w - 21 beef jerkies
 J - 15 royal jellies


   Skills:
 * Level 13.1 Fighting
 * Level 14.4 Maces & Flails
 * Level 13.1 Armour
 + Level 7.1 Dodging
 - Level 0.5 Stealth
 * Level 14.2 Shields
 + Level 6.9 Spellcasting
 + Level 6.5 Summonings


You had 27 spell levels left.
You knew the following spells:

 Your Spells              Type           Power        Failure   Level  Hunger
b - Summon Butterflies    Summ           ##......     45%         1    None


Dungeon Overview and Level Annotations

Branches:
Dungeon (15/15)            Temple (1/1) D:5            Lair (6/6) D:11
  Swamp (0/4) Lair:4       Spider (0/4) Lair:4        Slime (0/5) Lair:5
    Orc (2/2) D:11         Vaults (0/5) D:14         Depths (0/5) D:15
    Elf: Orc:2

Altars:
Ashenzari
Cheibriados
Dithmenos
Elyvilon
Fedhas
Gozag
Hepliaklqana
Kikubaaqudgha
Makhleb
Nemelex Xobeh
Okawaru
Qazlal
Ru
Sif Muna
Trog
Uskayaw
Vehumet
Xom
Yredelemnul
Zin
The Shining One
Jiyva

Shops:
D:7 [   D:8 :   D:9 ?   D:10 ?   D:11 :   D:12 *   D:13 %

Annotations:
Orc:2 Saint Roka


Innate Abilities, Weirdness & Mutations

You are resistant to torment.
Your stone body is resilient. (AC +11)
You are immune to poison.
Your large and strong wings let you fly indefinitely.
You resist negative energy. (rN+)
You are resistant to electric shocks. (rElec)
You can survive without breathing.
You are immune to petrification.
You are immune to rotting.
Your flesh is cold resistant. (rC+)
You passively map a small area around you.
Your muscles are strong. (Str +2)


Message History

The orc no longer looks unusually strong.
You block the orc warrior's attack.
Saint Roka says, "I shall smite you and smash you."
Saint Roka calls down the wrath of Beogh upon you.
Beogh smites you!
* * * LOW HITPOINT WARNING * * *
You block the orc priest's attack. You block the orc's attack.
You feel better.
The orc warrior no longer looks unusually strong.
The troll bites you but does no damage. You block the troll's attack.
The troll claws you but does no damage. You block the orc warrior's attack.
The orc hits you but does no damage.
The orc warrior hits you but does no damage.
Saint Roka calls down the wrath of Beogh upon you.
Beogh smites you!
* * * LOW HITPOINT WARNING * * *
You block the ogre's attack.
The orc priest invokes the aid of Beogh against you.
Beogh smites you!
You die...

, , ,,
....#......... ,
,
..............#.
, *,
................
, ,,
....$...........
,,*, ,
................
,
.#.....ooho$....
,
#.....#Oooo.o...
, ,
.......#@ooo....
,, , , *
#......ooTo..#..,
, ,
........oo....# *
,
...........$....,
,
..............#.
* ..........##.##
* , ##......###
## , , * ####.###
* ##


You could see Saint Roka, a troll, a warg, 4 orc warriors, an ogre, 2 orc
priests, an orc wizard and 7 orcs.

Vanquished Creatures
  Rupert (Lair:4)
  The ghost of bande the Severer, a journeyman MiFi of Okawaru (Lair:6)
  The ghost of zephy the Carver, a journeyman MiGl of Ru (Lair:5)
  4 hydras
  6 centaur warriors
  An ice dragon (Lair:6)
  A catoblepas (Lair:2)
  3 death yaks (Lair:5)
  A death knight (D:15)
  2 ogre magi
  Urug (D:12)
  A tengu warrior (D:14)
  3 deep elf knights (D:15)
  5 skeletal warriors (D:15)
  5 unseen horrors
  A wizard (D:15)
  2 phantasmal warriors (D:15)
  2 lindwurms (Lair:6)
  A deep elf archer (D:15)
  Pikel (D:6)
  2 orc knights
  4 hill giants
  A necromancer (D:15)
  2 deep elf magi
  3 orc sorcerers
  2 ugly things (D:13)
  4 manticores
  3 cyclopes
  A naga mage (D:15)
  5 black mambas
  7 elephants
  3 gargoyles
  6 torpor snails (Lair:6)
  17 spiny frogs
  An efreet (D:14)
  4 rime drakes
  A kobold demonologist (D:11)
  A freezing wraith (D:15)
  10 komodo dragons
  6 trolls
  3 tyrant leeches (Lair:6)
  The ghost of michaelg83 the Chopper, an amateur HOFi of Elyvilon (D:6)
  A queen bee (D:13)
  3 meliai (D:13)
  6 hornets (Lair:6)
  9 two-headed ogres
  10 polar bears (Lair:6)
  9 hippogriffs
  40 blink frogs
  2 meliai zombies (D:15)
  4 raiju (Lair:6)
  A centaur simulacrum (D:15)
  A spriggan (D:8)
  A water elemental (D:11)
  2 wraiths
  4 wyverns
  Sigmund (D:2)
  A vampire (D:14)
  57 yaks
  A steam dragon (D:12)
  7 hungry ghosts
  A naga (shapeshifter) (D:15)
  A mottled dragon (D:14)
  2 basilisks
  9 vampire mosquitoes
  2 insubstantial wisps (D:12)
  8 wargs
  9 water moccasins
  4 hell hounds (Lair:6)
  7 porcupines
  A hornet zombie (D:13)
  3 ice beasts
  20 orc warriors
  11 sky beasts
  4 ogres
  15 black bears
  3 eyes of draining
  5 phantoms
  A necrophage (D:11)
  23 wolves
  14 centaurs
  11 crocodiles
  A wyvern zombie (D:15)
  19 bullfrogs
  A gnoll sergeant (D:9)
  A hornet simulacrum (D:15)
  2 wyvern skeletons
  A water moccasin skeleton (D:7)
  3 scorpions
  27 killer bees (D:13)
  2 electric eels (D:11)
  A vampire bat (D:15)
  5 howler monkeys
  4 crimson imps
  3 centaur zombies
  3 bullfrog zombies
  A quasit (D:9)
  17 hounds
  A jelly (D:14)
  8 orc priests
  24 orc wizards
  2 bullfrog skeletons
  5 centaur skeletons
  An iguana (D:5)
  10 worker ants
  A hound skeleton (D:5)
  A worker ant zombie (D:6)
  2 howler monkey zombies
  7 gnolls
  10 adders
  3 shadow imps
  3 worms
  A dart slug (D:3)
  3 leopard geckos
  70 orcs
  12 bats
  6 giant cockroaches
  9 hobgoblins
  7 jackals
  10 kobolds
  3 quokkas
  A ball python (D:1)
  6 frilled lizards
  13 goblins
  A quokka skeleton (D:5)
  9 rats
  3 plants (Lair:6)
767 creatures vanquished.

Vanquished Creatures (others)
  A sky beast (D:12)
  2 slaves (D:6)
  2 gnolls (D:6)
  An orc (D:15)
  A bat (D:15)
  10 fungi
  24 plants
41 creatures vanquished.

Grand Total: 808 creatures vanquished

Notes
Turn   | Place    | Note
-------+----------+-------------------------------------------
     0 | D:1      | JeffiDaFish the Gargoyle Fighter began the quest for the Orb.
     0 | D:1      | Reached XP level 1. HP: 14/14 MP: 1/1
   139 | D:1      | Reached XP level 2. HP: 17/19 MP: 2/2
   782 | D:2      | Reached XP level 3. HP: 24/24 MP: 3/3
  1378 | D:2      | Noticed Sigmund
  1389 | D:2      | Killed Sigmund
  1389 | D:2      | Reached XP level 4. HP: 26/29 MP: 4/4
  1389 | D:2      | Reached XP level 5. HP: 29/33 MP: 5/5
  1789 | D:3      | Reached XP level 6. HP: 23/38 MP: 6/6
  1979 | D:3      | Found a white marble altar of Elyvilon.
  2956 | D:4      | Reached skill level 1 in Dodging
  3595 | D:5      | Entered Level 5 of the Dungeon
  3602 | D:5      | Reached XP level 7. HP: 44/44 MP: 7/7
  3669 | D:5      | Found a staircase to the Ecumenical Temple.
  3714 | Temple   | Entered the Ecumenical Temple
  4016 | Temple   | Became a worshipper of Warmaster Okawaru
  4245 | D:5      | Reached skill level 5 in Maces & Flails
  4252 | D:5      | Reached skill level 5 in Shields
  4464 | D:5      | Found a stormy altar of Qazlal.
  4837 | D:6      | Noticed Pikel
  4851 | D:6      | Killed Pikel
  4851 | D:6      | Reached * piety under Okawaru
  4851 | D:6      | Reached ** piety under Okawaru
  4851 | D:6      | Reached skill level 5 in Fighting
  4851 | D:6      | Reached skill level 5 in Armour
  4851 | D:6      | Reached XP level 8. HP: 32/49 MP: 8/8
  4861 | D:6      | Identified Sif Muna's Volume of Malediction and Contamination
  4867 | D:6      | Learned a level 3 spell: Dazzling Spray
  4911 | D:6      | Noticed michaelg83's ghost (amateur HOFi)
  4936 | D:6      | Killed michaelg83's ghost
  5564 | D:6      | Reached XP level 9. HP: 48/54 MP: 9/9
  5673 | D:6      | Found an opulent altar of Gozag.
  5957 | D:7      | Found an ancient bone altar of Kikubaaqudgha.
  5957 | D:7      | Found a snail-covered altar of Cheibriados.
  6015 | D:7      | Found a glowing silver altar of Zin.
  6120 | D:7      | Found Micoxker's Armour Shop.
  6123 | D:7      | Bought a +0 chain mail for 63 gold pieces
  6281 | D:7      | Reached *** piety under Okawaru
  6943 | D:8      | Noticed a two-headed ogre
  6952 | D:8      | Killed a two-headed ogre
  7100 | D:8      | Received a gift from Okawaru
  7148 | D:8      | Found Idghegup's Book Boutique.
  7180 | D:8      | Paralysed by fainting for 7 turns
  7721 | D:8      | Reached XP level 10. HP: 61/61 MP: 10/10
  8041 | D:9      | Reached **** piety under Okawaru
  8060 | D:9      | Found Tubagh's Magic Scroll Boutique.
  8070 | D:9      | Bought a scroll of enchant armour for 97 gold pieces
  8120 | D:9      | Found a deep blue altar of Sif Muna.
  8657 | D:9      | Reached skill level 10 in Maces & Flails
  8874 | D:9      | Identified a scroll of acquirement
  9040 | D:10     | Entered Level 10 of the Dungeon
  9070 | D:10     | Noticed an unseen horror
  9100 | D:10     | Killed an unseen horror
  9250 | D:10     | Reached ***** piety under Okawaru
  9284 | D:10     | Found Gurch's Magic Scroll Shoppe.
  9287 | D:10     | Bought a scroll of enchant weapon for 97 gold pieces
  9361 | D:10     | Reached XP level 11. HP: 50/67 MP: 11/11
  9485 | D:10     | Reached skill level 10 in Shields
  9605 | D:10     | Learned a level 1 spell: Summon Butterflies
  9829 | D:11     | Reached skill level 1 in Summonings
  9856 | D:11     | Received a gift from Okawaru
  9931 | D:11     | Found a staircase to the Orcish Mines.
  9990 | D:11     | Found Edesitz's Book Shop.
  9994 | D:11     | Found a staircase to the Lair.
 10486 | D:11     | Noticed a hill giant
 10498 | D:11     | Killed a hill giant
 10498 | D:11     | Reached skill level 1 in Spellcasting
 10700 | Lair:1   | Entered Level 1 of the Lair of Beasts
 11122 | Lair:1   | Reached ****** piety under Okawaru
 11167 | Lair:1   | Received a gift from Okawaru
 11362 | Lair:1   | Noticed an eight-headed hydra
 11380 | Lair:1   | Killed an eight-headed hydra
 11380 | Lair:1   | Reached XP level 12. HP: 37/75 MP: 13/15
 12094 | Lair:2   | Received a gift from Okawaru
 12182 | Lair:2   | Noticed a catoblepas
 12200 | Lair:2   | Killed a catoblepas
 13740 | Lair:3   | Found a shimmering altar of Xom.
 14530 | Lair:4   | Reached XP level 13. HP: 75/80 MP: 17/17
 14637 | Lair:4   | Received a gift from Okawaru
 14695 | Lair:4   | Found a hole to the Spider Nest.
 14808 | Lair:4   | Found a staircase to the Swamp.
 14813 | Lair:4   | Reached skill level 10 in Armour
 14887 | Lair:4   | Reached skill level 5 in Dodging
 15067 | Lair:4   | Noticed Rupert
 15071 | Lair:4   | Paralysed by Rupert for 2 turns
 15078 | Lair:4   | Paralysed by Rupert for 2 turns
 15096 | Lair:4   | Killed Rupert
 15096 | Lair:4   | Reached skill level 10 in Fighting
 15449 | Lair:5   | Received a gift from Okawaru
 15591 | Lair:5   | Found a viscous altar of Jiyva.
 15592 | Lair:5   | Found a staircase to the Slime Pits.
 15962 | Lair:5   | Noticed zephy's ghost (journeyman MiGl)
 15976 | Lair:5   | Killed zephy's ghost
 16205 | Lair:6   | Entered Level 6 of the Lair of Beasts
 16392 | Lair:5   | Received a gift from Okawaru
 16576 | Lair:6   | Found an opulent altar of Gozag.
 16625 | Lair:6   | Gained mutation: Your large and strong wings let you fly indefinitely. [Gargoyle growth]
 16625 | Lair:6   | Reached XP level 14. HP: 79/88 MP: 20/20
 17173 | Lair:6   | Reached skill level 5 in Spellcasting
 17634 | Lair:6   | Found a runed door.
 17680 | Lair:6   | Received a gift from Okawaru
 17807 | Lair:6   | Reached skill level 5 in Summonings
 18295 | Lair:6   | Noticed bande's ghost (journeyman MiFi)
 18405 | Lair:6   | Killed bande's ghost
 18424 | Lair:6   | Received a gift from Okawaru
 19757 | D:12     | Found Amugoil's General Store.
 19770 | D:12     | Reached XP level 15. HP: 77/96 MP: 11/23
 20176 | D:12     | Noticed Urug
 20193 | D:12     | Killed Urug
 20545 | D:13     | Found Beucwato's Food Shoppe.
 22651 | D:13     | Received a gift from Okawaru
 23638 | D:14     | Found a glowing golden altar of the Shining One.
 23735 | D:14     | Found a gate to the Vaults.
 23746 | D:14     | Received a gift from Okawaru
 23994 | D:15     | Entered Level 15 of the Dungeon
 24657 | D:15     | Found a shadowy altar of Dithmenos.
 24779 | D:15     | Gained mutation: Your flesh is cold resistant. (rC+) [potion of mutation]
 24779 | D:15     | Gained mutation: Your muscles are strong. (Str +2) [potion of mutation]
 24779 | D:15     | Gained mutation: You passively map a small area around you. [potion of mutation]
 24880 | D:15     | Reached XP level 16. HP: 90/103 MP: 25/25
 25101 | D:15     | Found a staircase to the Depths.
 25111 | D:15     | Received a gift from Okawaru
 26066 | Orc:1    | Entered Level 1 of the Orcish Mines
 26293 | Orc:1    | Paralysed by an orc sorcerer for 4 turns
 26763 | Orc:2    | Entered Level 2 of the Orcish Mines
 26763 | Orc:2    | Noticed Saint Roka
 26779 | Orc:2    | HP: 3/104 [Saint Roka/divine providence (15)]
 26779 | Orc:2    | Killed from afar by an orc priest

Skill      XL: |  1  2  3  4  5  6  7  8  9 10 11 12 13 14 15 16 |
---------------+-------------------------------------------------+-----
Fighting       | 4 5 6 7 8 9 10 11 12 13 | 13.1
Maces & Flails | 3 4 6 7 9 10 11 12 13 14 | 14.4
Armour         | 4 5 6 7 8 9 10 11 12 13 | 13.1
Shields        | 4 5 6 7 9 10 11 12 13 14 | 14.2
Dodging        | 1 2 3 4 5 6 7 |  7.1
Summonings     | 2 3 4 5 6 |  6.5
Spellcasting   | 2 3 4 5 6 |  6.9
Stealth        | |  0.5

Action                   |  1- 3 |  4- 6 |  7- 9 | 10-12 | 13-15 | 16-18 || total
-------------------------+-------+-------+-------+-------+-------+-------++-------
Melee: Flail             |   131 |    63 |       |       |       |       ||   194
       Morningstar       |       |   111 |   409 |  1068 |  2427 |   426 ||  4441
       Whip              |       |       |    54 |       |       |       ||    54
       Shillelagh        |       |       |       |       |    54 |       ||    54
 Abil: Evoke Invisibilit |       |       |       |       |     1 |       ||     1
       Fly               |       |       |       |       |     1 |       ||     1
Evoke: Wand              |       |       |       |       |     1 |       ||     1
  Use: Scroll            |     8 |     3 |     3 |    12 |     9 |     4 ||    39
       Potion            |     4 |     3 |     5 |     4 |     7 |     2 ||    25
 Stab: Petrifying        |       |       |       |     1 |       |       ||     1
       Petrified         |       |       |       |     1 |       |       ||     1
  Eat: Chunk             |     2 |     7 |    12 |    23 |    35 |     6 ||    85
       Meat ration       |       |       |     1 |       |     2 |       ||     3
       Beef jerky        |       |       |     1 |       |       |       ||     1
Armor: Scale mail        |    68 |   117 |   150 |       |       |       ||   335
       Chain mail        |       |       |    97 |       |       |       ||    97
       Plate armour      |       |       |    11 |   580 |  1431 |   235 ||  2257
Dodge: Dodged            |    38 |    54 |   132 |   155 |   530 |   133 ||  1042
Block: Shield            |    81 |   119 |   271 |    89 |       |       ||   560
       Large shield      |       |       |       |   915 |  2864 |   585 ||  4364
